 Dungeon Crawl Stone Soup version 0.17.2-1-ge4368a0 (webtiles) character file.

28538 magog001 the Blocker (level 13, -4/119 HPs)
             Began as a Minotaur Fighter on Nov 11, 2016.
             Slain by a black mamba (12 damage)
             ... on level 1 of the Snake Pit.
             The game lasted 01:54:14 (17476 turns).

magog001 the Blocker (Minotaur Fighter)            Turns: 17476, Time: 01:54:14

Health: -4/119     AC: 16    Str: 30    XL:     13   Next: 10%
Magic:  11/13      EV: 10    Int:  5    God:
Gold:   914        SH: 16    Dex: 11    Spells: 0 memorised, 12 levels left

rFire  x . .     SeeInvis .     G - +8 mace (venom)
rCold  . . .     Clarity  +     i - +2 scale mail "Vahugipn" {rPois rF- rN+ rCorr}
rNeg   + . .     SustAt   .     c - +2 shield
rPois  +         Gourm    .     (helmet restricted)
rElec  .         Spirit   .     l - +1 cloak {+Inv}
rCorr  +         Warding  .     j - +0 pair of gloves
rMut   .         Rnd*Tele +     w - +0 pair of boots
MR     .....                    (no amulet)
Stlth  ..........               (no ring)
                                o - ring of teleportation

@: mighty, constricted, not resistant to hostile enchantments, extremely
unstealthy
A: retaliatory headbutt, hooves 1, horns 2, clarity, regeneration 1
a: Evoke Invisibility, Evoke Teleportation


You were on level 1 of the Snake Pit.
You were not hungry.

You visited 3 branches of the dungeon, and saw 15 of its levels.
You also visited: Volcano.

You collected 1154 gold pieces.
You spent 240 gold pieces at shops.

Inventory:

Hand Weapons
 p - a +1 blowgun
 E - a +2 triple crossbow of evasion
 G - a +8 mace of venom (weapon)
Missiles
 d - 4 tomahawks of returning (quivered)
 m - 54 poisoned needles
 N - 4 javelins
 P - 13 bolts
Armour
 c - a +2 shield (worn)
 i - the +2 scale mail "Vahugipn" (worn) {rPois rF- rN+ rCorr}
   (You found it on level 6 of the Dungeon)

   It makes you vulnerable to fire.
   It protects you from poison.
   It protects you from negative energy.
   It protects you from acid and corrosion.
 j - a +0 pair of gloves (worn)
 l - a +1 cloak of invisibility (worn)
 w - a +0 pair of boots (worn)
Jewellery
 o - a ring of teleportation (left hand)
Wands
 b - a wand of draining (1)
 k - a wand of draining (8)
 y - a wand of confusion (34)
 z - a wand of random effects (23)
 B - a wand of disintegration (4)
 J - a wand of disintegration (15)
 O - a wand of cold (6)
 T - a wand of frost (26)
 Y - a wand of frost (28)
Scrolls
 n - 3 scrolls of teleportation
 r - 2 scrolls of recharging
 u - 3 scrolls of fear
 v - 3 scrolls of fog
 C - 3 scrolls of noise
 D - 6 scrolls of identify
 F - 3 scrolls of amnesia
 M - 4 scrolls of remove curse
 V - a scroll of enchant weapon
Potions
 e - a potion of ambrosia {unknown}
 f - a potion of cancellation {unknown}
 h - 3 potions of brilliance
 s - a potion of berserk rage {unknown}
 t - 3 potions of resistance {unknown}
 x - 2 potions of agility
 A - a potion of degeneration {unknown}
 H - 5 potions of curing
 X - 2 potions of magic {unknown}
Miscellaneous
 R - a box of beasts
 S - a plain deck of wonders
Comestibles
 g - 6 meat rations
 q - 11 royal jellies
 K - 2 bread rations
 L - a beef jerky


   Skills:
 * Level 12.6 Fighting
   Level 4.2(8.5) Axes
 * Level 11.3(11.6) Maces & Flails
 + Level 0.6 Throwing
 * Level 11.3 Armour
 + Level 7.3 Dodging
 + Level 1.1 Stealth
 * Level 14.9 Shields
 + Level 1.3 Evocations


You had 12 spell levels left.
You didn't know any spells.

Dungeon Overview and Level Annotations

Branches:
Dungeon (11/15)            Temple (0/1) D:6            Lair (3/8) D:11
  Snake (1/4) Lair:3
  Swamp: Lair:3-6    Shoals: Lair:3-6       Orc: D:9-12

Altars:
Ashenzari
Ru
Vehumet
Yredelemnul
The Shining One

Shops:
D:9 (   D:10 :

Annotations:
D:9 ololoev's ghost, novice DsFi


Innate Abilities, Weirdness & Mutations

You reflexively headbutt those who attack you in melee.
You have a pair of horns on your head.
You have large cloven feet.
You possess an exceptional clarity of mind.
Your natural rate of healing is unusually fast.


Message History

The black mamba hisses angrily.
The anaconda grabs you.
The anaconda bites you but does no damage.
* * * LOW HITPOINT WARNING * * *
The anaconda constricts you.
You escape the anaconda's grasp.
You block the anaconda's attack. You block the anaconda's attack.
The mana viper closely misses you. You furiously retaliate!
You headbutt the mana viper! The anaconda barely misses you.
The anaconda bites you but does no damage.
The anaconda grabs you. You block the anaconda's attack.
* * * LOW HITPOINT WARNING * * *
The anaconda constricts you. You block the black mamba's attack.
The mana viper bites you but does no damage.
Your attempt to break free from the anaconda fails, but you feel that another attempt might succeed.
You block the anaconda's attack. x2
* * * LOW HITPOINT WARNING * * *
The anaconda constricts you. The black mamba bites you!
You die...

#...###. #..#. #...#...
#....#### ###.......
..(....# ##SS...#..#
......# #.S##....## .
#....#####S###.S...# ...
#..#...#...##....#..
#..#.SS..#S##.....#...
#....@S.SS........#...
........S.......####....
....##.######.....##....
..# #...####.....##....
. ###..........####..
####..SS.########..
........## #...###
.........####...##.
...............?...


You could see 2 anacondas, 2 mana vipers and 3 black mambas.

Vanquished Creatures
  Maud (D:10)
  Snorg (D:10)
  Fannar (Lair:2)
  A hydra (Lair:1)
  Erolcha (D:9)
  An ogre mage (D:11)
  A centaur warrior (Volcano)
  Urug (D:10)
  A shock serpent (Snake:1)
  2 hill giants
  The ghost of Goblin1989 the Grappler, a novice VSTm of Ru (D:8)
  A cyclops (D:11)
  An ugly thing (D:9)
  3 elephants (Lair:2)
  Joseph (D:8)
  2 spiny frogs
  2 centaur zombies (D:11)
  A black mamba (Lair:2)
  A centaur skeleton (D:11)
  2 molten gargoyles (Volcano)
  5 komodo dragons
  5 trolls
  A two-headed ogre (D:10)
  Prince Ribbit (D:8)
  3 blink frogs (Lair:2)
  14 yaks
  2 deep elf magi (D:11)
  A hippogriff (D:11)
  3 basilisks (Lair:3)
  2 nagas (Lair:3)
  A hungry ghost (D:10)
  4 water moccasins
  6 wolves (Lair:3)
  4 orc warriors
  3 phantoms
  2 ice beasts
  A wasp (D:11)
  3 porcupines
  An eye of draining (D:11)
  7 black bears
  3 sky beasts
  6 ogres
  4 crocodiles
  11 centaurs
  5 big kobolds
  4 necrophages
  7 giant frogs
  A wyvern skeleton (D:11)
  9 killer bees
  2 scorpions
  6 wights
  6 crimson imps
  7 hounds
  A giant frog zombie (D:6)
  3 orc priests
  6 jellies
  14 orc wizards
  6 worker ants
  Crazy Yiuf (D:2)
  15 two-headed ogre zombies (D:11)
  2 lava snakes (Volcano)
  5 quasits
  Terence (D:2)
  A giant frog skeleton (D:10)
  3 iguanas
  5 sheep (Lair:3)
  3 hound zombies
  A hound skeleton (D:6)
  3 mummies (D:10)
  13 adders
  12 river rats
  3 shadow imps
  6 oozes
  2 adder skeletons
  An adder zombie (D:5)
  2 worms
  4 giant geckos
  38 orcs
  A ball python (D:5)
  8 bats
  9 giant cockroaches
  3 goblins
  14 hobgoblins
  6 jackals (D:2)
  3 quokkas (D:8)
  9 giant newts
  A jackal skeleton (D:4)
  28 kobolds
  3 quokka zombies
  8 rats
  A plant (Lair:2)
411 creatures vanquished.

Vanquished Creatures (others)
  An orc wizard (D:9)
  A plant (D:10)
2 creatures vanquished.

Grand Total: 413 creatures vanquished

Notes
Turn   | Place    | Note
--------------------------------------------------------------
     0 | D:1      | magog001 the Minotaur Fighter began the quest for the Orb.
     0 | D:1      | Reached XP level 1. HP: 19/19 MP: 0/0
   151 | D:1      | Reached XP level 2. HP: 27/27 MP: 1/1
   186 | D:1      | Reached skill level 4 in Armour
   734 | D:2      | Reached XP level 3. HP: 30/33 MP: 2/2
   909 | D:2      | Noticed Crazy Yiuf
  1175 | D:2      | Noticed Terence
  1447 | D:2      | Paralysed by Crazy Yiuf for 4 turns
  1454 | D:2      | Killed Crazy Yiuf
  1454 | D:2      | Reached XP level 4. HP: 18/41 MP: 3/3
  1505 | D:2      | Killed Terence
  1505 | D:2      | Reached skill level 1 in Dodging
  1831 | D:3      | Reached skill level 5 in Shields
  1862 | D:2      | Reached XP level 5. HP: 40/47 MP: 4/4
  2323 | D:3      | Reached skill level 5 in Armour
  2699 | D:4      | Reached skill level 5 in Fighting
  2931 | D:4      | Found a shattered altar of Ashenzari.
  3122 | D:4      | Noticed an ogre
  3122 | D:4      | Reached XP level 6. HP: 56/56 MP: 5/5
  3127 | D:4      | Killed an ogre
  3127 | D:4      | Reached skill level 6 in Shields
  3138 | D:4      | Noticed a phantom
  3151 | D:4      | Killed a phantom
  3164 | D:4      | Noticed an ogre
  3169 | D:4      | Killed an ogre
  3169 | D:4      | Reached XP level 7. HP: 46/62 MP: 6/6
  3616 | D:4      | Noticed a black bear
  3626 | D:4      | Killed a black bear
  3626 | D:4      | Reached skill level 7 in Shields
  3669 | D:5      | Entered Level 5 of the Dungeon
  4424 | D:5      | Reached skill level 1 in Maces & Flails
  4424 | D:5      | Reached XP level 8. HP: 23/71 MP: 7/7
  4858 | D:6      | Reached skill level 8 in Shields
  4920 | D:6      | Found a staircase to the Ecumenical Temple.
  5089 | D:6      | Got an ichor-stained scale mail
  5090 | D:6      | Identified the +2 scale mail "Vahugipn" {rPois rF- rN+ rCorr} (You found it on level 6 of the Dungeon)
  5382 | D:6      | Noticed a troll
  5395 | D:6      | Killed a troll
  5579 | D:6      | Reached skill level 9 in Shields
  6075 | D:7      | Reached XP level 9. HP: 79/79 MP: 8/8
  6285 | D:7      | Found a glowing golden altar of the Shining One.
  6986 | D:8      | Reached skill level 10 in Shields
  7208 | D:8      | Noticed Goblin1989's ghost (novice VSTm)
  7278 | D:8      | Killed Goblin1989's ghost
  7930 | D:8      | Reached skill level 11 in Shields
  8123 | D:9      | Noticed ololoev's ghost (novice DsFi)
  8178 | D:9      | Noticed Prince Ribbit
  8220 | D:8      | Killed Prince Ribbit
  8220 | D:8      | Reached skill level 5 in Maces & Flails
  8480 | D:8      | Reached XP level 10. HP: 36/90 MP: 9/9
  8709 | D:9      | Noticed Erolcha
  9304 | D:9      | Noticed Joseph
  9329 | D:8      | Killed Joseph
  9383 | D:9      | Killed Erolcha
  9383 | D:9      | Reached skill level 12 in Shields
  9777 | D:9      | Found a sacrificial altar of Ru.
  9906 | D:9      | Found a basalt altar of Yredelemnul.
 10410 | D:9      | Found Tese's Antique Weapon Shoppe.
 10426 | D:9      | Bought a runed triple crossbow for 240 gold pieces
 10490 | D:9      | Found a radiant altar of Vehumet.
 10628 | D:9      | Noticed a purple ugly thing
 10637 | D:9      | Killed a purple ugly thing
 10675 | D:10     | Entered Level 10 of the Dungeon
 11060 | D:10     | Gained mutation: You have large cloven feet. [potion of mutation]
 11060 | D:10     | Gained mutation: You possess an exceptional clarity of mind. [potion of mutation]
 11060 | D:10     | Gained mutation: Your natural rate of healing is unusually fast. [potion of mutation]
 11109 | D:10     | Found Vos Vomn's Book Shoppe.
 11172 | D:10     | Noticed Snorg
 11189 | D:10     | HP: 4/91 [Snorg (10)]
 11190 | D:10     | Killed Snorg
 11219 | D:10     | Reached XP level 11. HP: 18/97 MP: 10/10
 11528 | D:10     | Reached skill level 10 in Armour
 11541 | D:10     | Reached skill level 5 in Dodging
 11594 | D:10     | Noticed Maud
 12010 | D:10     | Noticed Urug
 12023 | D:10     | Killed Urug
 12023 | D:10     | Reached skill level 10 in Fighting
 12475 | D:10     | Killed Maud
 12783 | D:10     | Noticed a hill giant
 12805 | D:10     | Killed a hill giant
 13001 | D:11     | Reached skill level 13 in Shields
 13054 | D:11     | Noticed a hill giant
 13055 | D:11     | Found a staircase to the Lair.
 13062 | D:11     | Killed a hill giant
 14174 | D:11     | Noticed an ogre mage
 14176 | D:11     | Reached XP level 12. HP: 93/110 MP: 11/11
 14181 | D:11     | Reached skill level 1 in Stealth
 14209 | D:11     | Killed an ogre mage
 14405 | Lair:1   | Entered Level 1 of the Lair of Beasts
 14445 | Lair:1   | Reached skill level 10 in Maces & Flails
 14989 | Lair:1   | Noticed a seven-headed hydra
 15035 | Lair:1   | HP: 5/111 [seven-headed hydra (9)]
 15038 | Lair:1   | Killed a seven-headed hydra
 15382 | Lair:2   | Noticed Fannar
 15402 | Lair:2   | Killed Fannar
 15402 | Lair:2   | Reached skill level 14 in Shields
 15538 | Lair:2   | Reached skill level 1 in Evocations
 16037 | Lair:2   | Found a dark tunnel.
 16043 | Volcano  | Entered a volcano
 16291 | Volcano  | Found a burning altar of Makhleb.
 16291 | Volcano  | Noticed a centaur warrior
 16298 | Volcano  | Killed a centaur warrior
 16625 | Lair:3   | Found a staircase to the Snake Pit.
 16812 | Lair:3   | Reached XP level 13. HP: 103/119 MP: 13/13
 17305 | Snake:1  | Entered Level 1 of the Snake Pit
 17476 | Snake:1  | Slain by a black mamba

Action                   |  1- 3 |  4- 6 |  7- 9 | 10-12 | 13-15 || total
-------------------------+-------+-------+-------+-------+-------++-------
Melee: War axe           |     6 |    37 |    49 |       |       ||    92
       Hand axe          |   124 |   105 |       |       |       ||   229
       Mace              |       |       |   314 |   815 |    61 ||  1190
Throw: Tomahawk          |       |       |       |     3 |       ||     3
 Abil: Evoke Teleportati |       |       |       |     1 |       ||     1
Evoke: Wand              |       |       |       |    19 |       ||    19
  Use: Scroll            |     6 |     4 |    19 |     7 |       ||    36
       Potion            |       |       |     3 |     7 |     3 ||    13
  Eat: Chunk             |     2 |     5 |     5 |    15 |       ||    27
       Bread ration      |       |     1 |     1 |     1 |       ||     3
       Meat ration       |       |     1 |       |     2 |       ||     3
       Royal jelly       |       |       |     2 |     1 |       ||     3
